 Dungeon Crawl Stone Soup version 0.28.0-45-g0d030f2227 (webtiles) character file.

Game seed: 2961496550890413493

307 firemarshallily the Skirmisher (level 6, -2/73 HPs)
             Began as a Demonspawn Berserker on Apr 24, 2022.
             Was a Believer of Trog.
             Slain by an ogre
             ... wielding a +0 giant club
              (14 damage)
             ... on level 4 of the Dungeon.
             The game lasted 00:12:42 (3928 turns).

firemarshallily the Skirmisher (DsBe)               Turns: 3928, Time: 00:12:43

Health: -2/73      AC:  5    Str: 19    XL:     6   Next: 16%
Magic:  6/6        EV: 11    Int:  9    God:    Trog [**....]
Gold:   18         SH:  0    Dex: 12    Spells: 5/5 levels left

rFire   . . .      SeeInvis .   a - +0 hand axe
rCold   . . .      Faith    .   (no shield)
rNeg    . . .      Spirit   .   k - +0 ring mail
rPois   .          Reflect  .   (no helmet)
rElec   .          Harm     .   (no cloak)
rCorr   .          Rampage  .   (no gloves)
Will    .....                   (no boots)
Stlth   ..........              f - amulet of magic regeneration
HPRegen 0.22/turn               (no ring)
MPRegen 0.60/turn               (no ring)

@: berserking, very quick
A: spiny 2, magic regeneration
a: Renounce Religion, Berserk, Trog's Hand


You were on level 4 of the Dungeon.
You worshipped Trog.
Trog was pleased with you.
You visited 1 branch of the dungeon, and saw 4 of its levels.
You also visited: Sewer.

You collected 99 gold pieces.
You spent 81 gold pieces at shops.

Inventory:

Hand Weapons
 a - a +0 hand axe (weapon)
Missiles
 c - 132 stones
 o - 10 poisoned darts (quivered)
Armour
 k - a +0 ring mail (worn)
 u - a +2 leather armour of fire resistance
Jewellery
 f - an amulet of magic regeneration (around neck)
 s - a ring of fire
Scrolls
 d - a scroll of acquirement {unknown}
 g - a scroll of holy word {unknown}
 h - 2 scrolls of enchant weapon
 i - a scroll of vulnerability {unknown}
 j - a scroll of blinking {unknown}
 p - 3 scrolls of fear
 t - 2 scrolls of teleportation {unknown}
Potions
 b - 4 potions of heal wounds
 e - a potion of curing
 l - a potion of invisibility
 m - a potion of haste {unknown}
 n - a potion of cancellation {unknown}
 q - a potion of magic {unknown}
 r - a potion of flight {unknown}


   Skills:
 * Level 4.4 Fighting
 * Level 4.1 Axes
 + Level 1.6 Throwing
 * Level 3.4 Armour
 - Level 1.7 Dodging


You had 5 spell levels left.
You didn't know any spells.
Your spell library was empty.

Dungeon Overview and Level Annotations

Branches:
Dungeon (4/15)              Sewer (visited)
 Temple: D:4-7

Altars:

Shops:
D:3 ?(!


Innate Abilities, Weirdness & Mutations

You are mostly covered in sharp spines.
You regenerate magic rapidly.


Message History

You hit the kobold but do no damage. The kobold closely misses you.
You hit the kobold.
You kill the kobold!
Trog accepts your kill.
You see here a +0 short sword.
A hobgoblin comes into view.
The hobgoblin shouts!
Found a robe.
An ogre comes into view. It is wielding a +0 giant club.
The ogre shouts!
An iguana comes into view.
The iguana hisses angrily.
The hobgoblin hits you but does no damage.
You closely miss the hobgoblin.
The hobgoblin hits you but does no damage.
You barely miss the hobgoblin. The hobgoblin misses you.
You hit the hobgoblin.
The hobgoblin is moderately wounded.
The hobgoblin hits you but does no damage.
You hit the hobgoblin.
The hobgoblin is almost dead.
The hobgoblin is struck by your spines.
You kill the hobgoblin!
Trog accepts your kill.
You hit the ogre but do no damage.
The ogre hits you with a +0 giant club!!
You hit the ogre.
The ogre is lightly wounded.
The ogre hits you with a +0 giant club.
A red film seems to cover your vision as you go berserk!
You feel yourself moving faster!
You feel mighty! The ogre is struck by your spines.
The ogre hits you with a +0 giant club!!
* * * LOW HITPOINT WARNING * * *
You slash the ogre!
The ogre is severely wounded.
You barely miss the ogre.
The ogre is severely wounded.
The ogre hits you with a +0 giant club!
You die...

#### #..# ...#
#..# #.# ##.# #..#
#.# #.# #..# #[#
#.# #..## #.# #.#
#...# #.# #.#
#.#.# #l#
##.#######.#.# #O#
.#.#.......#.# #@#
######.# #
.........###.# #.#
#.....###.
...#.###.# #.# #.#
####.####.#.#
.###.# #.###.# #.#
#......)..... .#
#.###.#...#
#.####.##.#####.#.
.# #.......#.#
#.........##...##.
.#######.#...#
######.#####.##.#.
.............# #.#
#.##...
.#######.##.## #.#
#)##...


You could see an ogre and an iguana.

Vanquished Creatures
  A kobold brigand (Sewer)
  A hound skeleton (D:4)
  10 adders
  4 river rats (Sewer)
  A white imp (D:3)
  An adder skeleton (D:4)
  2 worms (D:4)
  3 dart slugs
  4 bats
  2 endoplasms
  A giant cockroach (D:3)
  10 hobgoblins
  2 jackals (Sewer)
  6 kobolds
  10 quokkas
  8 ball pythons
  5 frilled lizards
  5 goblins
  5 rats
81 creatures vanquished.

Vanquished Creatures (others)
  13 plants (Sewer)
13 creatures vanquished.

Grand Total: 94 creatures vanquished

Notes
Turn   | Place    | Note
-------+----------+-------------------------------------------
     0 | D:1      | firemarshallily the Demonspawn Berserker began the quest
                  | for the Orb.
     0 | D:1      | Reached XP level 1. HP: 18/18 MP: 1/1
    55 | D:1      | Found a faded altar of an unknown god.
   162 | D:1      | Gained mutation: You are partially covered in sharp spines.
                  | [demonic ancestry]
   162 | D:1      | Reached XP level 2. HP: 11/24 MP: 2/2
  1145 | D:2      | Reached XP level 3. HP: 29/29 MP: 3/3
  1505 | D:2      | Reached ** piety under Trog
  1924 | D:3      | Found Ficeosorgh's Magic Scroll Boutique.
  1937 | D:3      | Found Winuhunt's Antique Weapon Shoppe.
  2014 | D:3      | Found a glowing drain.
  2037 | D:3      | Reached XP level 4. HP: 36/36 MP: 4/4
  2040 | Sewer    | Entered a sewer
  2057 | Sewer    | Reached skill level 1 in Throwing
  2479 | Sewer    | Noticed a kobold brigand
  2491 | Sewer    | Killed a kobold brigand
  2492 | Sewer    | Gained mutation: You are mostly covered in sharp spines.
                  | [demonic ancestry]
  2492 | Sewer    | Reached XP level 5. HP: 42/42 MP: 5/5
  3159 | D:3      | Found Saraluh's Distillery.
  3258 | D:3      | Bought a potion of heal wounds for 55 gold pieces
  3334 | D:3      | Bought a scroll of identify for 26 gold pieces
  3423 | D:3      | Found the +4 dagger "Morg" {pain, Will+ Int+5}
  3697 | D:4      | Gained mutation: You regenerate magic rapidly. [demonic
                  | ancestry]
  3697 | D:4      | Reached XP level 6. HP: 49/49 MP: 6/6
  3923 | D:4      | Reached *** piety under Trog
  3928 | D:4      | Slain by an ogre

Illustrated notes

Levels and vault maps discovered:
D:1:      sevenhm_arrival_forest_fort_large_2, layout_loops_ring,
          hellmonk_ecumenical_altar_zigzags
D:2:      layout_loops_cross
D:3:      layout_basic, portal_sewer_entry_f, serial_shops,
          nicolae_shop_window_shopping, shop_fountains, nicolae_shop_waterfront,
          serial_bayou_crossing
D:4:      layout_loops_ring, mainiacjoe_overflow_alcove_1

Skill      XL: |  1  2  3  4  5 |
---------------+----------------+-----
Armour         | 2 3 |  3.4
Axes           | 3 4 |  4.1
Throwing       | 1 |  1.6
Fighting       | 4 |  4.4
Dodging        | |  1.7

Action                   |  1- 3 |  4- 6 || total
-------------------------+-------+-------++-------
Melee: Hand axe          |    90 |   114 ||   204
       Punch             |     1 |       ||     1
Throw: Stone             |       |    13 ||    13
Invok: Berserk           |       |     2 ||     2
  Use: Scroll            |     6 |     1 ||     7
Armor: Animal skin       |    16 |       ||    16
       Ring mail         |     9 |    25 ||    34
Dodge: Dodged            |    46 |    44 ||    90
